 Dungeon Crawl Stone Soup version 0.27-a0-277-g024f7ef292 (webtiles) character file.

Game seed: 5096063508787274492

38 Glundar the Ruffian (level 3, -4/36 HPs)
             Began as a Troll Monk on Feb 5, 2021.
             Slain by Sigmund
             ... wielding a +0 scythe
              (8 damage)
             ... on level 2 of the Dungeon.
             The game lasted 00:04:39 (1035 turns).

Glundar the Ruffian (Troll Monk)                    Turns: 1035, Time: 00:04:39

Health: -4/36      AC:  6    Str: 19    XL:     3   Next: 25%
Magic:  2/2        EV: 10    Int:  6    God:
Gold:   114        SH:  0    Dex: 13    Spells: 2/2 levels left

rFire    . . .     SeeInvis .     - Unarmed
rCold    . . .     Faith    .   (no shield)
rNeg     . . .     Spirit   .   a - +0 robe
rPois    .         Reflect  .   (helmet restricted)
rElec    .         Harm     .   (no cloak)
rCorr    .         Rampage  .   (gloves unavailable)
Will     .....                  (boots unavailable)
Stlth    +.........             (no amulet)
HPRegen  0.52/turn              (no ring)
MPRegen  0.08/turn              (no ring)

@: confused
A: large, unfitting armour, claws 3, regeneration 1, shaggy fur 1, tough skin 3
a: no special abilities


You were on level 2 of the Dungeon.
You visited 1 branch of the dungeon, and saw 2 of its levels.

You collected 114 gold pieces.

Inventory:

Armour
 a - a +0 robe (worn)
Scrolls
 b - a scroll of enchant weapon {unknown}
 e - a scroll of enchant armour {unknown}
 f - a scroll of fear {unknown}
 g - a scroll of immolation {unknown}
 h - 2 scrolls of identify {unknown}
 i - a scroll of remove curse {unknown}
 j - 2 scrolls of teleportation {unknown}
 k - a scroll of noise {unknown}
Potions
 c - a potion of flight {unknown}
 d - a potion of cancellation {unknown}
 l - a potion of invisibility {unknown}


   Skills:
 + Level 2.7 Fighting
 + Level 2.7 Dodging
 + Level 1.2 Stealth
 + Level 3.6 Unarmed Combat


You had 2 spell levels left.
You didn't know any spells.
Your spell library contained the following spells:

 Spells                   Type           Power        Failure   Level
 Magic Dart               Conj           0%           45%         1
 Blink                    Tloc           N/A          58%         2
 Call Imp                 Summ           0%           58%         2
 Slow                     Hex            0%           58%         2
 Conjure Flame            Conj/Fire      0%           83%         3
 Mephitic Cloud           Conj/Pois/Air  0%           83%         3


Dungeon Overview and Level Annotations

Branches:
Dungeon (2/15)

Altars:
Gozag
Nemelex Xobeh
Ru

Annotations:
D:2 Sigmund


Innate Abilities, Weirdness & Mutations

You are too large for most types of armour.
You have claws for hands.
Your natural rate of healing is unusually fast.
You are covered in fur. (AC +1)
You have extremely tough skin. (AC +3)


Message History

Something tries to affect you, but you resist.
You feel less confused.
You hear some strange, mumbled words.
You are confused.
A magic dart appears from out of thin air!
The magic dart hits you. Something hits you.
You scratch something but do no damage.
You hear some strange, mumbled words.
Something tries to affect you, but you resist.
You feel less confused. Something hits you but does no damage.
You miss something.
You hear some strange, mumbled words.
You are confused.
Something hits you. Something hits you!
* * * LOW HITPOINT WARNING * * *
You scratch something. Something hits you!
You die...

..............#≈...≈#.........#
.#######......#≈._.≈#.........#
##.....#≈...≈#.#########
#.....#.≈≈≈.#.# #.....#.....#.#
#......#...#.## ####
#.......#.#.# #... #........#.#
#... #....{@...# ...##...
#.........# ......(>
#.!.......# ^..##...
#.........# #... #.........#
#### #.....)...# #.........#
...##.......# #.#. #.#...#.#


There were no monsters in sight!

Vanquished Creatures
  A worm (D:2)
  4 leopard geckos
  A ball python (D:1)
  4 bats
  3 goblins
  2 hobgoblins
  8 kobolds
  A quokka (D:2)
  A frilled lizard (D:1)
  3 rats
28 creatures vanquished.

Notes
Turn   | Place    | Note
-------+----------+-------------------------------------------
     0 | D:1      | Glundar the Troll Monk began the quest for the Orb.
     0 | D:1      | Reached XP level 1. HP: 22/22 MP: 0/0
   217 | D:1      | Reached XP level 2. HP: 29/29 MP: 1/1
   801 | D:2      | Found a sparkling altar of Nemelex Xobeh.
   833 | D:2      | Reached XP level 3. HP: 36/36 MP: 2/2
   839 | D:2      | Found an opulent altar of Gozag.
   915 | D:2      | Found a sacrificial altar of Ru.
  1005 | D:2      | Noticed Sigmund
  1035 | D:2      | Slain by Sigmund

Illustrated notes

Levels and vault maps discovered:
D:1:      grunt_arrival_crossed_arrows, layout_basic,
          hangedman_abyss_or_decor_lesser_grid
D:2:      layout_basic, nicolae_ru_awakened_eye, marbit_many_paths,
          nemelex_xobeh_ov_fountains_minmay, uniq_sigmund

Action                   || total
-------------------------++-------
Melee: Unarmed           ||    62
 Stab: Sleeping          ||     2
Armor: Robe              ||    16
Dodge: Dodged            ||    24

Table legend: (Time is in decaauts)
 A = Elapsed time spent in this place.
 B = Non-inter-level travel time spent in this place.
 C = Inter-level travel time spent in this place.
 D = Time resting spent in this place.
 E = Time spent auto-exploring this place.
 F = Levels seen in this place.
 G = Mean time per level.
                   A        B        C        D        E       F      G
               +--------+--------+--------+--------+--------+-----+--------+
         Total |   1033 |    931 |    102 |      0 |    719 |   2 |  516.5 |
       Dungeon |   1033 |    931 |    102 |      0 |    719 |   2 |  516.5 |
               +--------+--------+--------+--------+--------+-----+--------+

Top non-repeatable levels by time:
     D:1: 670 daAuts
     D:2: 362 daAuts
